 Dungeon Crawl Stone Soup version 0.20.1-1-g8b1a95d (webtiles) character file.

4681 RicketyTrickster the Slicer (level 10, 0/65 HPs)
             Began as a Kobold Berserker on July 3, 2017.
             Was a High Priest of Trog.
             Succumbed to a hornet's poison
             ... while paralysed by a hornet
             ... on level 9 of the Dungeon.
             The game lasted 00:53:02 (8434 turns).

RicketyTrickster the Slicer (Kobold Berserker)      Turns: 8434, Time: 00:53:03

Health: 0/65       AC:  9    Str: 27    XL:     10   Next: 72%
Magic:  2/10       EV:  3    Int:  3    God:    Trog [*****.]
Gold:   717        SH:  0    Dex: 15    Spells: 9/9 levels left

rFire    . . .     SeeInvis .   t - +2 short sword (vamp)
rCold    . . .     Gourm    .   (shield restricted)
rNeg     . . .     Faith    .   s - +3 leather armour of the Eternal Fruit {rCorr Str+6 Int-5}
rPois    .         Spirit   +   B - +0 helmet
rElec    .         Reflect  .   (no cloak)
rCorr    +         Harm     .   (no gloves)
MR       .....                  I - +0 pair of boots
Stlth    +++.......             k - amulet of guardian spirit
Regen    0.2/turn               J - ring of flight
MPRegen  0.2/turn               r - +3 ring of strength

@: paralysed, lethally poisoned (0 -> -43), slowed
A: carnivore 3
a: Berserk, Trog's Hand, Brothers in Arms, Burn Spellbooks, Renounce Religion,
Evoke Flight


You were on level 9 of the Dungeon.
You worshipped Trog.
Trog was extremely pleased with you.
You were not hungry.

You visited 1 branch of the dungeon, and saw 9 of its levels.
You also visited: Bailey.

You collected 878 gold pieces.
You spent 161 gold pieces at shops.

Inventory:

Hand Weapons
 a - a +0 short sword
 t - a +2 vampiric short sword (weapon)
Missiles
 N - 19 tomahawks of returning (quivered)
Armour
 s - the +3 leather armour of the Eternal Fruit (worn) {rCorr Str+6 Int-5}
   (You found it on level 4 of the Dungeon)

   It affects your strength (+6).
   It affects your intelligence (-5).
   It protects you from acid and corrosion.
 B - a +0 helmet (worn)
 I - a +0 pair of boots (worn)
Magical Staves
 b - an uncursed staff of cold {unknown}
Jewellery
 i - an uncursed ring of see invisible
 k - an amulet of guardian spirit (around neck)
 l - an uncursed ring of fire
 o - an uncursed ring of see invisible
 r - a +3 ring of strength (right hand)
 v - an uncursed amulet of the gourmand
 x - an uncursed ring of protection from fire
 E - an uncursed amulet of faith
 F - the ring "Eclockan" {*Tele rC+ MR+}
   (You bought it in a shop on level 9 of the Dungeon)

   [ring of teleportation]

   It may teleport you next to monsters.
   It protects you from cold.
   It affects your resistance to hostile enchantments.
 J - a ring of flight (left hand)
Wands
 j - a wand of acid (7/15)
 u - a wand of iceblast (7/15)
 w - a wand of paralysis (21/24)
 y - a wand of random effects (17/48)
 C - a wand of random effects (19/48)
 D - a wand of confusion (6/48)
 K - a wand of enslavement (5/24)
Scrolls
 e - a scroll of fog
 h - 2 scrolls of teleportation
 q - a scroll of magic mapping
 G - a scroll of immolation
 H - a scroll of remove curse
 L - 2 scrolls of amnesia {unknown}
Potions
 d - 3 potions of flight
 g - a potion of heal wounds
 m - 11 potions of degeneration
 n - 5 potions of curing
 z - 2 potions of experience {unknown}
 A - a potion of lignification {unknown}
Miscellaneous
 M - a crystal ball of energy
Comestibles
 c - 5 meat rations
 f - 5 royal jellies
 p - 2 bread rations


   Skills:
 * Level 8.5 Fighting
 * Level 10.1 Short Blades
 * Level 6.1 Armour
 * Level 8.7 Dodging
 + Level 7.0 Stealth


You had 9 spell levels left.
You didn't know any spells.

Dungeon Overview and Level Annotations

Branches:
Dungeon (9/15)             Temple (0/1) D:5            Lair (0/6) D:9
    Orc: D:9-12

Altars:
Nemelex Xobeh
Uskayaw
Yredelemnul

Shops:
D:6 %   D:9 *


Innate Abilities, Weirdness & Mutations

You are small and have problems with some larger weapons.
You are carnivorous and can eat meat at any time.


Message History

You feel sick. The hornet completely misses you.
You miss the hornet.
The hornet is severely wounded.
You feel sick. The hornet stings you.
You suddenly lose the ability to move!
The hornet stings you.
You are lethally poisoned!
You feel as though you will be slow longer.
You feel sick. The hornet stings you.
* * * LOW HITPOINT WARNING * * *
You feel as though you will be slow longer.
* * * LOW HITPOINT WARNING * * *
You feel sick. The hornet stings you.
* * * LOW HITPOINT WARNING * * *
You are more poisoned.
You feel as though you will be slow longer.
The hornet stings you!
* * * LOW HITPOINT WARNING * * *
You are more poisoned.
You feel as though you will be slow longer.
You die...

**,,....,,,,....>.#* #.....
****,,,....####......#* ##....
*,,,,,,,.[........#...* #...)
*,,,,,,,*.............#####...
*,,,,,,,,,#...................
*,,,,,,,,**#............#...##
*,,,,,,,** #..........#.....##
****,,,*####.....%....###.#...
*,,,*#....@y...../..##.#...
*,,,*#......≈≈......?......
**,.,#.....≈.≈≈≈≈..#.......
**#.#.....≈≈.≈≈§≈.........
#.......≈≈.>.§§§.##.....
###.....§§§..≈≈.........
#......≈§≈§§§.###.....
#.......§≈≈§§.# #.....
#.............# #.....


You could see a hornet.

Vanquished Creatures
  Maurice (D:8)
  The ghost of Reinor the Ducker, a novice SpEE (D:3)
  3 yaks (D:9)
  A hungry ghost (D:8)
  A hell hound (D:9)
  An ice beast (D:8)
  5 orc warriors
  3 black bears
  3 sky beasts
  A phantom (D:6)
  3 ogres
  3 centaurs (D:7)
  A big kobold (D:4)
  4 bullfrogs (D:7)
  A water moccasin skeleton (D:7)
  A scorpion (D:6)
  3 howler monkeys (D:8)
  3 crimson imps
  2 jellies
  3 bullfrog skeletons
  7 hounds
  5 orc priests
  2 centaur skeletons (D:9)
  2 iguanas
  3 orc wizards
  8 worker ants
  A hound skeleton (D:4)
  4 gnolls
  9 adders
  A shadow imp (D:5)
  An ooze (D:1)
  An adder skeleton (D:9)
  2 worms
  7 leopard geckos
  16 orcs
  6 giant cockroaches
  7 goblins
  13 hobgoblins
  3 jackals (D:8)
  22 kobolds
  A quokka (D:8)
  2 ball pythons
  14 bats
  11 frilled lizards
  A jackal skeleton (D:4)
  A leopard gecko zombie (D:7)
  A quokka skeleton (D:6)
  10 rats
205 creatures vanquished.

Notes
Turn   | Place    | Note
-------+----------+-------------------------------------------
     0 | D:1      | RicketyTrickster the Kobold Berserker began the quest for the Orb.
     0 | D:1      | Reached XP level 1. HP: 14/14 MP: 1/1
   252 | D:1      | Reached XP level 2. HP: 19/19 MP: 2/2
   494 | D:1      | Reached XP level 3. HP: 22/23 MP: 3/3
   753 | D:2      | Reached ** piety under Trog
   864 | D:2      | Reached skill level 1 in Stealth
  1061 | D:2      | Reached XP level 4. HP: 29/29 MP: 4/4
  1572 | D:3      | Noticed Reinor's ghost (novice SpEE)
  1582 | D:3      | Killed Reinor's ghost
  1582 | D:3      | Reached skill level 5 in Short Blades
  1582 | D:3      | Reached XP level 5. HP: 30/34 MP: 5/5
  1582 | D:3      | Reached XP level 6. HP: 34/39 MP: 6/6
  1700 | D:3      | Found a sparkling altar of Nemelex Xobeh.
  2082 | D:3      | Reached XP level 7. HP: 30/44 MP: 7/7
  2646 | D:4      | Noticed a hand axe
  2646 | D:4      | Noticed a dagger
  2647 | D:4      | Found a hide-covered altar of Uskayaw.
  2674 | D:4      | Reached skill level 5 in Fighting
  2684 | D:4      | Got an encrusted leather armour
  2695 | D:4      | Identified the +3 leather armour of the Eternal Fruit {rCorr Str+6 Int-5} (You found it on level 4 of the Dungeon)
  2764 | D:4      | Reached *** piety under Trog
  2926 | D:4      | Reached skill level 6 in Short Blades
  3561 | D:4      | Found a basalt altar of Yredelemnul.
  3647 | D:4      | Reached skill level 5 in Dodging
  3801 | D:4      | Reached XP level 8. HP: 50/50 MP: 8/8
  3842 | D:5      | Entered Level 5 of the Dungeon
  4807 | D:5      | Reached skill level 7 in Short Blades
  5173 | D:5      | Found a staircase to the Ecumenical Temple.
  5325 | D:6      | Lost intelligence.
  5524 | D:6      | Reached XP level 9. HP: 46/56 MP: 5/9
  5638 | D:6      | Reached skill level 8 in Short Blades
  5705 | D:6      | Reached **** piety under Trog
  5954 | D:6      | Found Cocip's Food Shoppe.
  6054 | D:7      | Reached skill level 5 in Stealth
  6476 | D:7      | Reached skill level 5 in Armour
  6562 | D:8      | Reached skill level 9 in Short Blades
  6665 | D:8      | Reached XP level 10. HP: 49/63 MP: 7/10
  6772 | D:8      | Noticed Maurice
  6804 | D:8      | Killed Maurice
  7255 | D:9      | Found Pero Qed's Assorted Antiques.
  7262 | D:9      | Bought an ancient silver ring for 115 gold pieces
  7262 | D:9      | Bought a scroll of identify for 46 gold pieces
  7262 | D:9      | Identified the ring "Eclockan" {*Tele rC+ MR+} (You bought it in a shop on level 9 of the Dungeon)
  7287 | D:9      | Reached ***** piety under Trog
  7310 | D:9      | Reached skill level 10 in Short Blades
  7394 | D:9      | Found a flagged portal.
  7428 | Bailey   | Entered a bailey
  8376 | D:9      | Found a staircase to the Lair.
  8431 | D:9      | Paralysed by a hornet for 3 turns
  8434 | D:9      | Succumbed to a hornet's poison

Skill      XL: |  1  2  3  4  5  6  7  8  9 10 |
---------------+-------------------------------+-----
Dodging        | 3 4 5 6 7 8 |  8.7
Stealth        | 1 2 3 4 6 7 |  7.0
Armour         | 2 3 4 5 6 |  6.1
Fighting       | 4 5 6 7 8 |  8.5
Short Blades   | 5 6 7 9 10 | 10.1

Action                   |  1- 3 |  4- 6 |  7- 9 | 10-12 || total
-------------------------+-------+-------+-------+-------++-------
Melee: Short sword       |   106 |    94 |   677 |   242 ||  1119
Throw: Tomahawk          |       |       |       |     5 ||     5
Invok: Berserk           |       |     3 |     5 |     6 ||    14
 Abil: Evoke Flight      |       |       |       |     3 ||     3
  Use: Scroll            |       |     4 |     9 |     2 ||    15
       Potion            |       |     1 |     7 |       ||     8
 Stab: Sleeping          |     5 |     2 |     9 |     2 ||    18
       Distracted        |     1 |       |       |       ||     1
  Eat: Chunk             |     9 |     5 |    28 |    11 ||    53
Armor: Robe              |     8 |       |       |       ||     8
       Animal skin       |     1 |       |       |       ||     1
       Leather armour    |     2 |    13 |   107 |    28 ||   150
Dodge: Dodged            |   101 |    73 |   437 |   226 ||   837
